 Dungeon Crawl Stone Soup version 0.30-a0-50-gb2d611f6b1 (webtiles) character file.

Game seed: 13540215966953355506

81398 gruber the Necromancer (level 15, -16/107 (108) HPs)
             Began as a Demonspawn Necromancer on Sept 4, 2022.
             Was a Follower of Yredelemnul.
             Killed from afar by a merfolk aquamancer (38 damage)
             ... with a torrent of water
             ... on level 1 of the Shoals.
             The game lasted 00:59:50 (28941 turns).

gruber the Necromancer (Demonspawn Necromancer)    Turns: 28941, Time: 00:59:50

HP:   -16/107 (108) AC: 17    Str: 14      XL:     15   Next: 26%
MP:   17/27         EV:  8    Int: 30 (31) God:    Yredelemnul [*.....]
Gold: 1562          SH:  0    Dex: 16      Spells: 13/31 levels left

rFire   . . .      SeeInvis +    L - +7 mace of Ascent {freeze, Int+4}
rCold   . . .      Faith    .    (no shield)
rNeg    . . .      Spirit   .    J - +2 leather armour "Ciobisch" {Drain Will+ Str+6 Int+2}
rPois   .          Reflect  .    (helmet unavailable)
rElec   .          Harm     .    q - +0 cloak {rCorr}
rCorr   +          Rampage  .    l - +0 pair of gloves
Will    ++...                    y - +1 pair of boots of Anarchy {Int+3}
Stlth   +++.......               j - amulet of regeneration
HPRegen 1.07/turn                x - +4 ring of protection
MPRegen 0.20/turn                d - ring of wizardry

@: mighty, held, lightly drained
A: antennae 3, icy blue scales 2, powered by pain 2, demonic magic 1
a: Renounce Religion, Recall Undead Harvest


You were on level 1 of the Shoals.
You worshipped Yredelemnul.
Yredelemnul was most pleased with you.
You visited 4 branches of the dungeon, and saw 23 of its levels.

You collected 2322 gold pieces.
You spent 760 gold pieces at shops.

Inventory:

Hand Weapons
 L - the +7 mace of Ascent (weapon) {freeze, Int+4}
   (You bought it in a shop on level 7 of the Dungeon)

   It freezes those it strikes, dealing additional cold damage.
   It can also slow down cold-blooded creatures.
   Int:       It affects your intelligence (+4).
Missiles
 G - a throwing net
Armour
 l - a +0 pair of gloves (worn)
 q - a +0 cloak of preservation (worn)
 y - the +1 pair of boots of Anarchy (worn) {Int+3}
   (You found it on level 9 of the Dungeon)

   Int:       It affects your intelligence (+3).
 J - the +2 leather armour "Ciobisch" (worn) {Drain Will+ Str+6 Int+2}
   (You found it on level 7 of the Dungeon)

   Str:       It affects your strength (+6).
   Int:       It affects your intelligence (+2).
   Drain:     It drains your maximum health when unequipped.
   Will:      It increases your willpower.
 R - the +1 pair of gloves of Kainoah {*Slow rF++ Will+ rCorr}
   (You found it on level 5 of the Lair of Beasts)

   rF:        It greatly protects you from fire.
   rCorr:     It protects you from acid and corrosion.
   *Slow:     It may slow you when you take damage.
   Will:      It increases your willpower.
Magical Staves
 A - a staff of cold
 P - a staff of death
Jewellery
 c - a ring of willpower
 d - a ring of wizardry (right hand)
 j - an amulet of regeneration (around neck)
 x - a +4 ring of protection (left hand)
 F - the ring "Zadgh" {Ice Will+}
   (You found it on level 6 of the Dungeon)

   [ring of ice]

   It enhances your ice magic.
   rF:        It makes you vulnerable to fire.
   rC:        It protects you from cold.
   Will:      It increases your willpower.
Wands
 e - a wand of paralysis (9)
 z - a wand of flame (72)
 C - a wand of iceblast (14)
 H - a wand of quicksilver (13)
 K - a wand of mindburst (14)
 O - a wand of digging (7)
Scrolls
 a - a scroll of teleportation
 h - 6 scrolls of identify
 i - 5 scrolls of amnesia
 k - 4 scrolls of blinking
 o - 2 scrolls of enchant weapon
 p - 3 scrolls of magic mapping
 s - 3 scrolls of fog
 t - 5 scrolls of poison
 I - a scroll of summoning {unknown}
 N - 3 scrolls of enchant armour
 Q - a scroll of fear
Potions
 b - 2 potions of haste
 f - 2 potions of might
 g - 3 potions of cancellation
 m - 10 potions of curing
 n - 2 potions of resistance
 r - 8 potions of brilliance
 v - a potion of attraction
 w - 4 potions of lignification
 B - 3 potions of heal wounds
 D - 2 potions of invisibility
 E - 8 potions of flight
 M - 2 potions of ambrosia


   Skills:
 - Level 7.0 Fighting
 - Level 4.0 Maces & Flails
 - Level 5.0 Armour
 - Level 7.1 Dodging
 - Level 6.2 Stealth
 * Level 8.5 Spellcasting
 - Level 5.4 Summonings
 - Level 18.3 Necromancy
 - Level 2.2 Ice Magic
 - Level 3.2 Poison Magic
 - Level 17.0 Invocations


You had 13 spell levels left.
You knew the following spells:

 Your Spells              Type           Power      Damage    Failure   Level
a - Necrotise             Necr           100%       1d9       0%          1
b - Vampiric Draining     Necr           89%        2d12      0%          3
c - Frozen Ramparts       Ice            52%        1d8       2%          3
d - Summon Ice Beast      Ice/Summ       35%        N/A       4%          4
e - Stone Arrow           Conj/Erth      24%        3d8       6%          3
f - Olgreb's Toxic Radia  Pois           32%        N/A       5%          4

Your spell library contained the following spells:

 Spells                   Type           Power      Damage    Failure   Level
 Apportation              Tloc           24%        N/A       1%          1
 Freeze                   Ice            100%       1d11      1%          1
 Shock                    Conj/Air       48%        1d6       1%          1
 Summon Small Mammal      Summ           100%       N/A       1%          1
 Ensorcelled Hibernation  Hex/Ice        38%        N/A       1%          2
 Poisonous Vapours        Pois/Air       44%        N/A       1%          2
 Call Canine Familiar     Summ           45%        N/A       1%          3
 Summon Guardian Golem    Hex/Summ       29%        N/A       1%          3
 Corpse Rot               Necr/Pois/Air  54%        N/A       1%          4
 Agony                    Necr           89%        N/A       1%          5
 Passwall                 Tmut/Erth      10%        N/A       3%          2
 Mephitic Cloud           Conj/Pois/Air  19%        N/A       4%          3
 Inner Flame              Hex/Fire       12%        N/A       6%          3
 Swiftness                Air            12%        N/A       6%          3
 Hailstorm                Conj/Ice       19%        3d6       13%         4
 Summon Forest            Summ/Tloc      14%        N/A       17%         5
 Airstrike                Air            6%         2d(1-17)  21%         4
 Cause Fear               Hex            6%         N/A       21%         4
 Fireball                 Conj/Fire      6%         3d5       45%         5
 Iskenderun's Battlesphe  Conj           12%        2d7       45%         5
 Conjure Ball Lightning   Conj/Air       6%         3x3d6     95%         6
 Iron Shot                Conj/Erth      6%         9d2       95%         6
 Starburst                Conj/Fire      6%         6d4       95%         6
 Spellforged Servitor     Conj/Summ      14%        N/A       99%         7
 Orb of Destruction       Conj           6%         9d6       100%        7
 Storm Form               Tmut/Air       6%         N/A       100%        7
 Discord                  Hex            6%         N/A       100%        8
 Disjunction              Tloc           6%         N/A       100%        8
 Ignition                 Fire           6%         3d4       100%        8
 Summon Horrible Things   Summ           22%        N/A       100%        8
 Animate Dead             Necr           Unusable   N/A       N/A         4

Dungeon Overview and Level Annotations

Branches:
Dungeon (15/15)            Temple (0/1) D:6            Lair (5/5) D:9
 Shoals (1/4) Lair:3       Spider (0/4) Lair:3        Slime (0/5) Lair:5
    Orc (2/2) D:10            Elf (0/3) Orc:2        Vaults (0/5) D:14
 Depths (0/4) D:15

Altars:
Cheibriados
Fedhas
Trog
Vehumet
Xom
Yredelemnul
Lugonu

Shops:
D:4 [   D:6 [   D:7 (   D:11 (   D:12 *   D:13 =   Orc:2 [?=(

Portals:
Abyss: Lair:5

Annotations:
D:14 3 runed translucent doors, Myluiggu's ghost, journeyman DEFE
Lair:3 exclusion: oklob plant


Innate Abilities, Weirdness & Mutations

You have a pair of large antennae on your head. (SInv)
You are mostly covered in icy blue scales. (AC +3)
You sometimes gain power by taking damage.
Spells you cast may paralyse adjacent enemies.


Message History

Your ice beast disappears in a puff of smoke!
Unknown command.
Unknown command.
Unknown command.
Casting: Olgreb's Toxic Radiance (dangerous; 5% risk of failure)
Confirm with . or Enter, or press ? or * to list all spells.
You begin to radiate toxic energy.
The merfolk impaler looks even sicker.
The merfolk looks even sicker.
The merfolk aquamancer looks even sicker.
The merfolk is poisoned. x2; Malevolent energies surge around you.
The merfolk impaler looks as sick as possible!
A merfolk comes into view. It is wielding a +0 trident.
A water elemental comes into view.
Your faun zombie closely misses the merfolk.
The merfolk aquamancer hits you with a +0 rapier of draining.
You feel drained.
The merfolk hits you from afar with a +0 halberd!!
* * * LOW HITPOINT WARNING * * *
Unknown command.
Unknown command.
Unknown command.
Unknown command.
Unknown command.
Unknown command.
Unknown command.
Casting: Olgreb's Toxic Radiance (dangerous; 5% risk of failure)
Confirm with . or Enter, or press ? or * to list all spells.
Aiming: Vampiric Draining (safe; 0% risk of failure)
Press: ? - help, Shift-Dir - straight line, f - merfolk aquamancer, p - merfolk impaler
Aim: a merfolk aquamancer, wielding a +0 rapier of draining and wearing a +0 robe (lightly wounded, very poisoned)
You draw life force from the merfolk aquamancer!
You feel life coursing into your body! Malevolent energies surge around you.
The merfolk looks as sick as possible!
The merfolk aquamancer looks as sick as possible!
The merfolk looks even sicker.
The merfolk is poisoned.
Your toxic aura wanes.
The merfolk aquamancer points at you and mumbles some strange words.
The torrent of water hits you!!!
You die...
Your body rises from the dead as a mindless zombie.

~~~P~~.......# ...
~~≈P~~~......###...
~~~~~.~~E.....~...##
~~~~...~)...~~~....##.
≈≈~.......Z...~....... ~~≈≈
≈≈~~)mm..#m...~~.....~ ~~~≈≈
≈~~~~..~m#m..~~~.....~
~~~≈≈≈≈≈~~~~~~~~m...~~~....~≈
.~~≈~~~≈~~~~~.~.@(....~....~~
~~~~~(~~~~~~~.~.......~.....~
~~~~~~~~~~~~~~~...~~~~~..~..~
..~~~~~~~~~~~~~~~~~~~~~~~~~~~
..##..~~~~~~~~~~~~~~~~~~~~~~≈
.##..~~~~~~≈≈~~~~~~~~~≈≈≈≈≈≈≈
.....~~~.~~~~~~~~.~~~≈~~.~~≈≈≈≈≈≈
...|~~~.~~~~~~~~~~~~~~~..~~≈≈≈≈≈≈
.~~~~~~~~~~~~~~..~~..~~~~~≈≈≈≈≈≈≈


You could see a merfolk impaler (extremely poisoned, ally target), a merfolk
aquamancer (extremely poisoned), 4 merfolk, a water elemental and a friendly
faun zombie.

Vanquished Creatures
  Snorg (D:11)
  8 hydras
  An ogre mage (D:14)
  3 boulder beetles
  3 two-headed ogres
  5 centaur warriors
  A titan zombie (D:15)
  A tengu warrior (D:15)
  5 death yaks
  Amaemon (Lair:2)
  A thrashing horror (Lair:5)
  A skeletal warrior (D:15)
  A phantasmal warrior (D:14)
  3 orc knights (Orc:2)
  A deep elf pyromancer (D:12)
  A necromancer (D:15)
  2 orc sorcerers
  2 fauns (Shoals:1)
  2 ugly things (Lair:5)
  3 manticores
  2 elephants (Lair:4)
  Maurice (Orc:1)
  2 black mambas (Lair:3)
  A merfolk siren (Shoals:1)
  4 cane toads
  A smoke demon (Lair:5)
  Joseph (D:8)
  Maggie (Lair:2)
  8 komodo dragons
  An unseen horror (D:10)
  3 yaktaurs (D:15)
  An ancient zyme (Lair:5)
  A hornet (shapeshifter) (Lair:5)
  2 merfolk (Shoals:1)
  3 trolls
  A wind drake (Lair:3)
  A blink frog (Lair:5)
  3 slime creatures (D:15)
  An ettin zombie (D:15)
  Sigmund (D:3)
  5 wyverns
  A vampire (D:10)
  3 small abominations (Lair:5)
  2 water elementals (Shoals:1)
  4 humans
  A wraith (D:9)
  4 basilisks
  6 vampire mosquitoes
  21 yaks
  A chaos spawn (Lair:5)
  A redback (Lair:3)
  A large abomination (Lair:5)
  3 wargs
  An acid dragon (D:9)
  11 water moccasins
  A nameless horror (D:9)
  A glowing shapeshifter skeleton (D:15)
  22 orc warriors
  A black bear (D:5)
  3 sky beasts
  6 wolves
  18 centaurs
  12 bullfrogs
  A necrophage (D:6)
  4 scorpions
  4 kobold brigands
  8 wights (D:9)
  4 killer bees (D:8)
  A howler monkey (D:4)
  12 jellies
  13 orc priests
  3 hounds
  2 gnoll boudas
  4 iguanas
  5 hell rats (Lair:2)
  15 orc wizards
  Robin (D:2)
  19 gnolls
  9 adders
  2 river rats (D:4)
  2 shadow imps
  An ufetubus (D:4)
  2 worms
  2 dart slugs
  60 orcs
  4 ball pythons
  7 bats
  11 endoplasms
  6 giant cockroaches
  19 goblins
  11 hobgoblins
  5 jackals (D:3)
  5 quokkas
  4 frilled lizards
  22 kobolds
  A kobold zombie (D:6)
  14 rats
497 creatures vanquished.

Vanquished Creatures (collateral kills)
  Rupert (D:13)
  2 tengu reavers (D:14)
  2 hydras
  2 vault guards (D:14)
  2 centaur warriors (D:14)
  A death knight (D:14)
  3 death yaks (Lair:5)
  A tengu warrior (D:15)
  A thrashing horror (Lair:5)
  A flayed ghost (D:15)
  2 orc knights
  A phantasmal warrior (D:14)
  A lindwurm (Lair:5)
  A fire giant zombie (D:15)
  An ugly thing (D:11)
  3 slime creatures (D:12)
  A faun (Shoals:1)
  A moth of wrath (shapeshifter) (D:14)
  A cyclops (D:14)
  2 elephants (Lair:4)
  2 smoke demons (Lair:5)
  2 black mambas (Lair:5)
  An orange demon (Lair:2)
  2 cane toads (Lair:2)
  A freezing wraith (D:15)
  A rime drake (Lair:4)
  An efreet (D:13)
  3 komodo dragons
  A guardian mummy (D:15)
  An ancient zyme (Lair:5)
  A polar bear (Lair:5)
  7 blink frogs (Lair:5)
  A centaur simulacrum (D:15)
  A spriggan (Lair:5)
  A jumping spider (Lair:3)
  13 yaks
  A water elemental (D:14)
  A wraith (D:14)
  A culicivora (Lair:3)
  6 humans (D:14)
  A wyvern (Lair:5)
  Grum (D:8)
  2 chaos spawn (Lair:5)
  A redback (Lair:3)
  A steam dragon (D:8)
  2 basilisks (Lair:5)
  2 vampire mosquitoes (D:11)
  3 water moccasins
  5 small abominations (Lair:5)
  An ice beast (D:7)
  6 orc warriors (Orc:2)
  A sky beast (D:6)
  5 wolves
  7 centaurs
  3 bullfrogs
  3 kobold brigands
  A necrophage (D:7)
  3 jellies (Lair:5)
  2 orc priests (Orc:2)
  A hell rat (Lair:2)
  4 orc wizards
  11 orcs
  9 kobolds (D:8)
  A bush (Lair:4)
  4 butterflies (Lair:3)
158 creatures vanquished.

Vanquished Creatures (others)
  3 death yak zombies
  A blink frog (Lair:5)
  A slime creature zombie (D:15)
  A small abomination (Lair:5)
  A human (D:14)
  4 blink frog zombies (Lair:5)
  3 vampire mosquito zombies
  3 water moccasin zombies
  A warg zombie (Orc:2)
  A troll zombie (D:9)
  A spriggan zombie (Lair:5)
  2 yak zombies
  4 wolf zombies
  2 basilisk zombies
  3 bullfrog zombies
  11 centaur zombies
  A human zombie (D:8)
  2 hell rat zombies (Lair:2)
  36 orc zombies
  2 jelly zombies (Lair:5)
  4 kobold zombies
  53 fungi
  68 plants
208 creatures vanquished.

Grand Total: 863 creatures vanquished

Notes
Turn   | Place    | Note
-------+----------+-------------------------------------------
     0 | D:1      | gruber the Demonspawn Necromancer began the quest for the
                  | Orb.
     0 | D:1      | Reached XP level 1. HP: 13/13 MP: 3/3
   290 | D:1      | Gained mutation: You are partially covered in icy blue
                  | scales. (AC +2) [demonic ancestry]
   290 | D:1      | Reached XP level 2. HP: 19/19 MP: 0/5
   474 | D:1      | Reached skill level 5 in Necromancy
  1059 | D:1      | Found a faded altar of an unknown god.
  1110 | D:1      | Gained mutation: You sometimes gain a little power by
                  | taking damage. [demonic ancestry]
  1110 | D:1      | Reached XP level 3. HP: 24/24 MP: 3/6
  1578 | D:2      | Noticed Robin
  1705 | D:2      | Killed Robin
  1706 | D:2      | Reached XP level 4. HP: 26/30 MP: 1/8
  1979 | D:2      | Learned a level 3 spell: Vampiric Draining
  1983 | D:2      | Learned a level 3 spell: Frozen Ramparts
  2237 | D:2      | Reached skill level 6 in Necromancy
  2521 | D:3      | Noticed Sigmund
  2551 | D:3      | Killed Sigmund
  2552 | D:3      | Reached skill level 7 in Necromancy
  2552 | D:3      | Gained mutation: You sometimes gain power by taking damage.
                  | [demonic ancestry]
  2552 | D:3      | Reached XP level 5. HP: 19/35 MP: 0/10
  2552 | D:3      | Gained mutation: You have a pair of small antennae on your
                  | head. [demonic ancestry]
  2552 | D:3      | Reached XP level 6. HP: 23/41 MP: 0/11
  4067 | D:4      | Found Ikucw's Antique Armour Boutique.
  4443 | D:4      | Found a shimmering altar of Xom.
  4443 | D:4      | Found a blossoming altar of Fedhas.
  4586 | D:4      | Reached skill level 8 in Necromancy
  4808 | D:4      | Gained mutation: Spells you cast may paralyse adjacent
                  | enemies. [demonic ancestry]
  4808 | D:4      | Reached XP level 7. HP: 46/46 MP: 9/13
  5040 | D:4      | Reached skill level 9 in Necromancy
  5115 | D:4      | Got Zalyit Kube's Tome of the Rocky Zephyr
  5335 | D:5      | Entered Level 5 of the Dungeon
  5589 | D:5      | Reached skill level 1 in Ice Magic
  5768 | D:5      | Reached XP level 8. HP: 52/52 MP: 11/14
  5770 | D:5      | Reached skill level 10 in Necromancy
  6890 | D:6      | Found a snail-covered altar of Cheibriados.
  6983 | D:6      | Reached skill level 11 in Necromancy
  7170 | D:6      | Found a runed translucent door.
  7173 | D:6      | Found a basalt altar of Yredelemnul.
  7305 | D:6      | Became a worshipper of Yredelemnul the Dark
  7358 | D:6      | Reached skill level 12 in Necromancy
  7410 | D:6      | Found a large runed translucent door.
  7411 | D:6      | Found a large runed translucent door.
  7417 | D:6      | Found a staircase to the Ecumenical Temple.
  7434 | D:6      | Identified the ring "Zadgh" {Ice Will+}
  7500 | D:6      | Found Qamotet's Armour Emporium.
  7548 | D:6      | Reached * piety under Yredelemnul
  7581 | D:6      | Reached XP level 9. HP: 22/57 MP: 5/15
  7746 | D:6      | Found a shimmering altar of Xom.
  7794 | D:6      | Identified the +1 broad axe "Biantoew" {antimagic, rElec
                  | Str+3 Dex-2}
  7893 | D:7      | Reached skill level 13 in Necromancy
  7894 | D:7      | Identified the +2 leather armour "Ciobisch" {Drain Will+
                  | Str+6 Int+2}
  8010 | D:7      | Reached skill level 1 in Armour
  8119 | D:7      | Got the Atlas of the Translocated Entourage
  8529 | D:7      | Found Fasecav's Antique Weapon Emporium.
  8552 | D:7      | Bought a bloodstained mace for 216 gold pieces
  8552 | D:7      | Identified the +7 mace of Ascent {freeze, Int+4} (You
                  | bought it in a shop on level 7 of the Dungeon)
  8610 | D:8      | Noticed Joseph
  8637 | D:8      | Killed Joseph
  8709 | D:8      | Your ally Joseph died
  8755 | D:8      | Reached skill level 5 in Armour
  8827 | D:8      | Noticed Grum
  8840 | D:8      | Reached skill level 1 in Maces & Flails
  8845 | D:8      | Killed Grum
  8880 | D:8      | Reached ** piety under Yredelemnul
  9039 | D:8      | Gained mutation: You have a pair of antennae on your head.
                  | [demonic ancestry]
  9039 | D:8      | Reached XP level 10. HP: 63/63 MP: 10/16
  9052 | D:8      | Reached *** piety under Yredelemnul
  9257 | D:8      | Reached **** piety under Yredelemnul
  9430 | D:8      | Reached ***** piety under Yredelemnul
 10076 | D:9      | Noticed a death yak
 10113 | D:8      | Learned a level 4 spell: Summon Ice Beast
 10117 | D:8      | Learned a level 3 spell: Stone Arrow
 10284 | D:9      | Noticed a death yak
 10284 | D:9      | Noticed a death yak
 10416 | D:9      | Killed a death yak
 10550 | D:9      | Reached skill level 5 in Dodging
 10644 | D:9      | Identified the +1 pair of boots of Anarchy {Int+3}
 10729 | D:9      | Reached skill level 1 in Summonings
 10829 | D:9      | Found a bloodstained altar of Trog.
 11334 | D:9      | Killed a death yak
 11335 | D:9      | Reached skill level 5 in Summonings
 11408 | D:9      | Found a staircase to the Lair.
 11409 | D:9      | Noticed a death yak
 11417 | D:9      | Noticed a death yak
 11960 | D:9      | Reached skill level 5 in Spellcasting
 12227 | D:10     | Entered Level 10 of the Dungeon
 12263 | D:10     | Reached skill level 1 in Invocations
 12659 | D:10     | Gained mutation: You are mostly covered in icy blue scales.
                  | (AC +3) [demonic ancestry]
 12659 | D:10     | Reached XP level 11. HP: 66/68 MP: 14/18
 12800 | D:10     | Reached skill level 5 in Invocations
 12871 | D:10     | Reached ****** piety under Yredelemnul
 12987 | D:10     | Found a staircase to the Orcish Mines.
 13378 | D:11     | Noticed a five-headed hydra
 13392 | D:10     | Killed a five-headed hydra
 13518 | D:11     | Noticed a two-headed ogre
 13525 | D:11     | Killed a two-headed ogre
 13526 | D:11     | Reached skill level 10 in Invocations
 13617 | D:11     | Found Wammil's Weapon Shoppe.
 13617 | D:11     | Noticed Snorg
 13635 | D:11     | Killed Snorg
 13805 | D:11     | Noticed a boulder beetle
 13817 | D:11     | Killed a boulder beetle
 13968 | D:11     | Noticed a two-headed ogre
 13974 | D:11     | Killed a two-headed ogre
 14103 | D:11     | Noticed a cyan ugly thing
 14111 | D:11     | Killed a cyan ugly thing
 14374 | D:11     | You fall into a shaft and drop 3 floors!
 14638 | D:12     | Reached XP level 12. HP: 74/74 MP: 12/22
 14703 | D:12     | Found Koapuk's Assorted Antiques.
 14748 | D:12     | Noticed a two-headed ogre
 14755 | D:12     | Killed a two-headed ogre
 15358 | D:13     | Reached skill level 15 in Invocations
 15448 | D:13     | Noticed a centaur warrior
 15460 | D:13     | Killed a centaur warrior
 15676 | D:13     | Noticed Rupert
 15687 | D:13     | Killed Rupert
 15903 | D:13     | Found Exiupa's Jewellery Shop.
 16314 | Lair:1   | Entered Level 1 of the Lair of Beasts
 16339 | Lair:1   | Noticed a boulder beetle
 16504 | Lair:1   | Noticed a four-headed hydra
 16512 | Lair:1   | Killed a four-headed hydra
 16699 | Lair:1   | Reached skill level 1 in Fighting
 16775 | Lair:1   | Found a radiant altar of Vehumet.
 16885 | Lair:1   | Killed a boulder beetle
 17345 | Lair:2   | Reached skill level 5 in Fighting
 17670 | Lair:2   | Noticed Maggie
 17677 | Lair:2   | Killed Maggie
 17678 | Lair:2   | Gained mutation: You have a pair of large antennae on your
                  | head. (SInv) [demonic ancestry]
 17678 | Lair:2   | Reached XP level 13. HP: 81/93 MP: 15/25
 17805 | Lair:2   | Noticed Amaemon
 17816 | Lair:2   | Killed Amaemon
 19037 | Lair:3   | Found a staircase to the Shoals.
 19050 | Lair:3   | Reached skill level 14 in Necromancy
 19515 | Lair:3   | Found a hole to the Spider Nest.
 20166 | Lair:4   | Reached skill level 15 in Necromancy
 20766 | Lair:5   | Entered Level 5 of the Lair of Beasts
 20849 | Lair:5   | Found a staircase to the Slime Pits.
 20905 | Lair:5   | Identified the +1 pair of gloves of Kainoah {*Slow rF++
                  | Will+ rCorr}
 21127 | Lair:5   | Reached skill level 16 in Necromancy
 21346 | Lair:5   | Reached skill level 17 in Necromancy
 21359 | Lair:5   | Reached XP level 14. HP: 103/103 MP: 22/26
 21674 | Lair:5   | Found a corrupted altar of Lugonu.
 21674 | Lair:5   | Found a one-way gate to the infinite horrors of the Abyss.
 22050 | Lair:5   | Reached skill level 18 in Necromancy
 22671 | Orc:1    | Entered Level 1 of the Orcish Mines
 22671 | Orc:1    | Noticed Maurice
 22690 | Orc:1    | Killed Maurice
 22823 | Orc:2    | Entered Level 2 of the Orcish Mines
 24160 | Orc:2    | Found a staircase to the Elven Halls.
 24481 | Orc:2    | Found Huniegah's Jewellery Shoppe.
 24481 | Orc:2    | Found Ejeupab's Magic Scroll Shop.
 24483 | Orc:2    | Found Ypam's Armour Boutique.
 24485 | Orc:2    | Found Rupyutz's Antique Weapon Emporium.
 24497 | Orc:2    | Bought a masterwork mace for 264 gold pieces
 24497 | Orc:2    | Identified the +3 mace of Gomogh {freeze, MP+9} (You bought
                  | it in a shop on level 2 of the Orcish Mines)
 24497 | Orc:2    | Bought a pitted flail for 280 gold pieces
 24497 | Orc:2    | Identified the +9 flail "Goblin's Death Toll" {speed, rElec
                  | rCorr Str-4 SInv} (You bought it in a shop on level 2 of
                  | the Orcish Mines)
 25219 | D:14     | Noticed a tengu reaver
 25220 | D:14     | Noticed a tengu reaver
 25247 | D:14     | Killed a tengu reaver
 25259 | D:14     | Killed a tengu reaver
 25611 | D:14     | Found a runed translucent gate.
 25611 | D:14     | Found a runed translucent gate.
 25611 | D:14     | Found a runed translucent gate.
 25709 | D:14     | Found a gate to the Vaults.
 25833 | D:14     | Noticed Myluiggu's ghost (journeyman DEFE)
 26341 | D:15     | Entered Level 15 of the Dungeon
 26629 | D:15     | Reached XP level 15. HP: 102/108 MP: 24/27
 26713 | D:15     | Reached skill level 5 in Stealth
 27076 | D:15     | Found a staircase to the Depths.
 27489 | D:15     | Got the Teachings on the Pestilent Excursion
 27495 | D:15     | Learned a level 4 spell: Olgreb's Toxic Radiance
 27644 | D:15     | Reached skill level 1 in Poison Magic
 28639 | Shoals:1 | Entered Level 1 of the Shoals
 28941 | Shoals:1 | Killed from afar by a merfolk aquamancer

Illustrated notes

Levels and vault maps discovered:
D:1:      dpeg_arrival_rooms_with_view, layout_basic, basic_ecumenical_altar,
          minmay_domino_4
D:2:      layout_basic, basic_altar, nicolae_hexahallways, uniq_robin
D:3:      layout_loops_corners, uniq_sigmund
D:4:      minmay_octagon_keep, layout_basic, gammafunk_temple_overflow_elements,
          portal_sewer_entry_b, serial_shops, shop
D:5:      wad_lake_hut, layout_loops_ring
D:6:      due_chaos_kobolds, layout_rooms, amcnicky_altar_gilded,
          dk_yredelemnul_ordeal, minmay_temple_entry_junction_2, serial_shops,
          shop
D:7:      layout_loops_cross, serial_shops, nicolae_shop_waterfront,
          nicolae_fountain_basement
D:8:      layout_basic, uniq_grum, uniq_joseph
D:9:      layout_loops_corners, trog_antimagical, dpeg_lair_monsters,
          corexii_corridor_pit
D:10:     layout_roguey, old_standard_altar, david_orc_4
D:11:     layout_gridville, serial_shops, nicolae_shop_waterfront, uniq_snorg
D:12:     layout_rooms, serial_shops, nicolae_stop_n_shop_2, amethyst_killhole
D:13:     layout_roguey, nicolae_wooded_promenade, uniq_rupert
D:14:     minmay_containers, layout_grid_maze, ximxim_vaults_locker_room,
          gammafunk_ghost_necromancy
D:15:     gammafunk_depths_entry_grave, layout_stronghold
Lair:1:   layout_regular_city, basic_altar
Lair:2:   layout_long_grid, serial_bayou_shore_b, grunt_megastairs_4,
          uniq_maggie, uniq_amaemon
Lair:3:   layout_cave_pods, minmay_shoals_entry_beasts,
          spider_nest_entry_funnel_web, minmay_lair_oklob_bushes,
          infiniplex_staircase_pool, lemuel_fruit_fields, serial_bayou_shore_b
Lair:4:   layout_roguey, hangedman_lair_unloving_vines
Lair:5:   hellmonk_lair_end_abyssal_woods, layout_gridlike,
          minmay_slime_entry_jelly_boxes, chequers_serial_rivers_micro_c
Shoals:1: layout_shoals, serial_shops, nicolae_shop_bloodbath_and_beyond,
          nicolae_shop_waterfront, nicolae_diamond_shop
Orc:1:    layout_diamond_mine, uniq_maurice, uniq_erica
Orc:2:    st_orc_rangers, layout_diamond_mine

Skill      XL: |  1  2  3  4  5  6  7  8  9 10 11 12 13 14 15 |
---------------+----------------------------------------------+-----
Necromancy     | 5 7 8 9 12 13 17 18 | 18.3
Spellcasting   | 3 4 5 8 |  8.5
Ice Magic      | 1 2 |  2.2
Armour         | 5 |  5.0
Maces & Flails | 4 |  4.0
Dodging        | 5 7 |  7.1
Summonings     | 5 |  5.4
Invocations    | 4 13 17 | 17.0
Fighting       | 6 7 |  7.0
Stealth        | 4 6 |  6.2
Poison Magic   | 3 |  3.2

Action                   |  1- 3 |  4- 6 |  7- 9 | 10-12 | 13-15 || total
-------------------------+-------+-------+-------+-------+-------++-------
Melee: Unarmed           |    20 |     9 |       |       |       ||    29
       Short sword       |       |    52 |   192 |       |       ||   244
       Punch             |       |     1 |     3 |     4 |     6 ||    14
       Mace              |       |       |    26 |   370 |   392 ||   788
 Cast: Necrotise         |    84 |    97 |   128 |   106 |   176 ||   591
       Frozen Ramparts   |       |     2 |    22 |    66 |    58 ||   148
       Vampiric Draining |       |       |    17 |    58 |   139 ||   214
       Summon Ice Beast  |       |       |       |    37 |    40 ||    77
       Stone Arrow       |       |       |       |     1 |    26 ||    27
       Olgreb's Toxic Ra |       |       |       |       |    10 ||    10
Invok: Dark Bargain      |       |       |       |     1 |    10 ||    11
Evoke: Wand              |       |       |     3 |       |     2 ||     5
  Use: Potion            |     1 |     1 |       |       |     4 ||     6
       Scroll            |       |       |       |    23 |     3 ||    26
 Stab: Distracted        |     1 |     1 |       |     4 |     7 ||    13
       Sleeping          |       |     2 |     1 |     3 |       ||     6
       Paralysed         |       |       |    41 |    76 |    85 ||   202
Armor: Robe              |    22 |    31 |    81 |       |       ||   134
       Leather armour    |       |       |    50 |   252 |   368 ||   670
Dodge: Dodged            |    54 |    51 |   186 |   348 |   560 ||  1199

Table legend: (Time is in decaauts)
 A = Elapsed time spent in this place.
 B = Non-inter-level travel time spent in this place.
 C = Inter-level travel time spent in this place.
 D = Time resting spent in this place.
 E = Time spent auto-exploring this place.
 F = Levels seen in this place.
 G = Mean time per level.
                   A        B        C        D        E       F      G
               +--------+--------+--------+--------+--------+-----+--------+
         Total |  29256 |  27928 |   1328 |    473 |  22180 |  23 | 1272.0 |
       Dungeon |  20544 |  19573 |    971 |    466 |  15581 |  15 | 1369.6 |
          Lair |   6435 |   6168 |    267 |      0 |   5066 |   5 | 1287.0 |
        Shoals |    316 |    316 |      0 |      0 |    238 |   1 |  316.0 |
  Orcish Mines |   1960 |   1871 |     89 |      7 |   1294 |   2 |  980.0 |
               +--------+--------+--------+--------+--------+-----+--------+

Top non-repeatable levels by time:
     D:9: 2250 daAuts
    D:15: 2022 daAuts
    D:14: 1807 daAuts
   Orc:2: 1802 daAuts
  Lair:5: 1787 daAuts
     D:4: 1646 daAuts
     D:8: 1578 daAuts
     D:5: 1496 daAuts
  Lair:3: 1333 daAuts
    D:10: 1283 daAuts
  Lair:2: 1279 daAuts
     D:3: 1256 daAuts
     D:1: 1240 daAuts
     D:2: 1197 daAuts
    D:11: 1128 daAuts
